 Dungeon Crawl Stone Soup version 0.31.0-32-g396128a36d (webtiles) character file.

Game seed: 715218722181807453

5255 0gre the Frost Mage (level 10, -8/76 HPs)
             Began as a Gnoll Ice Elementalist on Apr 15, 2024.
             Was an Initiate of Vehumet.
             Succumbed to a gnoll sergeant's poison
             ... on level 9 of the Dungeon.
             The game lasted 00:49:02 (9980 turns).

0gre the Frost Mage (Gnoll Ice Elementalist)        Turns: 9980, Time: 00:49:03

Health: -8/76      AC:  6    Str:  8    XL:     10   Next: 62%
Magic:  24/30      EV: 15    Int: 16    God:    Vehumet [......]
Gold:   595        SH:  0    Dex: 15    Spells: 14/24 levels left

rFire   . . .        a - +6 dire flail (drain)
rCold   + . .        (shield currently unavailable)
rNeg    . . .        e - +0 robe
rPois   .            (no helmet)
rElec   .            A - +0 cloak
rCorr   .            l - +0 pair of gloves
SInv    .            u - +0 pair of boots
Will    .....        f - amulet of the acrobat
Stlth   ++++         F - ring of magical power
HPRegen 0.32/turn    L - ring of protection from cold
MPRegen 0.22/turn

%: acrobat
@: lethally poisoned (-8 -> -43), freezing walls
A: fangs 1, strong nose, distributed training
a: Renounce Religion


You were on level 9 of the Dungeon.
You worshipped Vehumet.
Vehumet was noncommittal.
You visited 2 branches of the dungeon, and saw 10 of its levels.

You collected 595 gold pieces.

Inventory:

Hand Weapons
 a - a +6 dire flail of draining (weapon)
 b - a +0 sling
 c - a +0 halberd
Missiles
 m - a curare-tipped dart
 n - 7 boomerangs (quivered)
 E - 12 poisoned darts
 J - 6 silver javelins
Armour
 e - a +0 robe (worn)
 l - a +0 pair of gloves (worn)
 u - a +0 pair of boots (worn)
 x - an orb of light
 A - a +0 cloak (worn)
Jewellery
 f - an amulet of the acrobat (around neck)
 D - a ring of flight
 F - a ring of magical power (left hand)
 L - a ring of protection from cold (right hand)
 M - a ring of see invisible
Wands
 C - a wand of flame (26)
 G - a wand of iceblast (6)
Scrolls
 h - a scroll of vulnerability {unknown}
 i - a scroll of revelation {unknown}
 o - a scroll of amnesia {unknown}
 q - 3 scrolls of poison {unknown}
 t - 2 scrolls of immolation {unknown}
 v - 4 scrolls of teleportation
 y - 4 scrolls of silence {unknown}
 B - a scroll of noise {unknown}
 H - a scroll of enchant armour {unknown}
Potions
 d - a potion of enlightenment
 g - a potion of curing
 j - a potion of berserk rage
 k - 2 potions of magic
 r - 3 potions of cancellation
 s - 2 potions of lignification
 w - 7 potions of attraction
 z - a potion of mutation
 I - a potion of invisibility
 K - a potion of might


   Skills:
 + Level 5.6 Fighting
 + Level 5.6 Short Blades
 + Level 5.6 Long Blades
 + Level 5.6 Axes
 + Level 5.6 Maces & Flails
 + Level 5.6 Polearms
 + Level 5.6 Staves
 + Level 5.6 Ranged Weapons
 + Level 5.6 Throwing
 + Level 5.6 Armour
 + Level 7.3 Dodging
 + Level 7.1 Stealth
 + Level 5.6 Shields
 + Level 5.6 Unarmed Combat
 + Level 7.6 Spellcasting
 + Level 4.6 Conjurations
 + Level 4.6 Hexes
 + Level 4.6 Summonings
 + Level 4.6 Necromancy
 + Level 4.6 Translocations
 + Level 4.6 Fire Magic
 + Level 8.6 Ice Magic
 + Level 4.6 Air Magic
 + Level 4.6 Earth Magic
 + Level 4.6 Alchemy
 + Level 6.2 Invocations
 + Level 5.6 Evocations
 + Level 5.1 Shapeshifting


You had 14 spell levels left.
You knew the following spells:

 Your Spells              Type           Power      Damage    Failure   Level
a - Freeze                Ice            100%       1d10      1%          1
b - Frozen Ramparts       Ice            66%        1d10      1%          3
c - Summon Ice Beast      Ice/Summ       27%        N/A       2%          3
q - Stone Arrow           Conj/Erth      42%        3d9       4%          3

Your spell library contained the following spells:

 Spells                   Type           Power      Damage    Failure   Level
 Foxfire                  Conj/Fire      84%        2x1d8     1%          1
 Sandblast                Erth           42%        2d11      1%          1
 Ozocubu's Armour         Ice            33%        N/A       1%          3
 Call Canine Familiar     Summ           21%        N/A       4%          3
 Passwall                 Erth           21%        N/A       4%          3
 Sigil of Binding         Hex            21%        N/A       4%          3
 Brom's Barrelling Bould  Conj/Erth      21%        2d4       17%         4
 Dimensional Bullseye     Hex/Tloc       10%        N/A       17%         4
 Summon Forest            Summ/Tloc      10%        N/A       43%         5
 Summon Mana Viper        Hex/Summ       21%        N/A       43%         5
 Plasma Beam              Fire/Air       10%        2x1d21    95%         6
 Starburst                Conj/Fire      10%        6d5       95%         6
 Summon Cactus Giant      Summ           10%        N/A       95%         6


Dungeon Overview and Level Annotations

Branches:
Dungeon (9/15)             Temple (1/1) D:7
   Lair: D:8-11         Orc: D:9-12

Altars:
Ashenzari
Cheibriados
Dithmenos
Elyvilon
Fedhas
Gozag
Kikubaaqudgha
Nemelex Xobeh
Ru
Sif Muna
Trog
Uskayaw
Vehumet
Wu Jian
Yredelemnul
Zin
The Shining One


Innate Abilities, Weirdness & Mutations

You have very sharp teeth.
Your uncanny sense of smell can sniff out nearby items.
Your experience applies equally to all skills.


Message History

Aim: a gnoll sergeant, wielding a +2 spear of venom and wearing a +0 scale mail (lightly wounded, ally target, 68% to hit)
You throw a boomerang. The boomerang hits the gnoll sergeant.
The gnoll sergeant is moderately wounded.
You feel very sick.
The wall freezes the gnoll.
The wall freezes the gnoll sergeant.
The gnoll sergeant hits you from afar with a +2 spear of venom!
You are more poisoned.
The wall freezes the gnoll!
The wall freezes the gnoll sergeant!
The gnoll sergeant hits you from afar with a +2 spear of venom!
You are more poisoned.
Throw: 8 boomerangs
Press: ? - help, Q - select action, (/) - cycle Shift-Dir - straight line, f/p - gnoll sergeant
Aim: a gnoll sergeant, wielding a +2 spear of venom and wearing a +0 scale mail (heavily wounded, ally target, 68% to hit)
You throw a boomerang.
The boomerang closely misses the gnoll sergeant.
The boomerang closely misses the gnoll.
The frozen ramparts melt away.
You feel extremely sick.
The gnoll sergeant hits you from afar with a +2 spear of venom.
You are more poisoned.
* * * LOW HITPOINT WARNING * * *
You feel extremely sick.
The gnoll sergeant hits you with a +2 spear of venom.
* * * LOW HITPOINT WARNING * * *
You are more poisoned.
Casting: Summon Ice Beast (mildly dangerous; 2% risk of failure)
Confirm with . or Enter, or press ? or * to list all spells.
Casting: Frozen Ramparts (safe; 1% risk of failure)
Press: ? - help, Dir - look around, f - activate The walls around you are covered in ice.
* * * LOW HITPOINT WARNING * * *
You feel extremely sick.
The wall freezes the gnoll!
You kill the gnoll!
Vehumet accepts your kill.
The wall freezes the gnoll sergeant but does no damage.
The gnoll sergeant barely misses you.
You hit the gnoll sergeant.
The gnoll sergeant is heavily wounded.
You die...

.......
####..####.#.....#
......>....#.....#
####..##..... ...#
†.....##)..# ..# ∆
####..##...# ..#
####..##...# #)# ∆
...........###.#g#
####...........#@#
#####..##.###Y#
#..##.# #)#
#..##.###.#
#.........#
#.###.....# #.#
###...# #.#
#........#
#..............


You could see a gnoll sergeant (ally target) and a friendly ice beast
(summoned).

Vanquished Creatures
  A hornet (D:8)
  A shadow (D:9)
  A wyvern (D:7)
  A water moccasin (D:7)
  Edmund (D:5)
  An orc warrior (D:8)
  An ice beast (D:8)
  A black bear (D:7)
  A sky beast (D:7)
  An ogre (D:6)
  4 bullfrogs
  2 scorpions (D:6)
  3 wights (D:8)
  10 killer bees
  An electric eel (D:7)
  2 bombardier beetles (D:6)
  5 jellies
  9 orc wizards
  A sleepcap (D:6)
  2 iguanas
  Terence (D:3)
  11 gnolls
  8 adders
  A shadow imp (D:8)
  2 ribbon worms
  4 dart slugs
  22 orcs
  8 ball pythons
  5 bats
  9 endoplasms
  3 giant cockroaches (D:2)
  6 goblins
  7 hobgoblins
  2 jackals (D:4)
  9 kobolds
  4 quokkas
  A frilled lizard (D:1)
  A rat (D:3)
  A butterfly (D:7)
154 creatures vanquished.

Vanquished Creatures (collateral kills)
  A hydra (D:9)
  2 two-headed ogres (D:9)
  A steam dragon (D:8)
  An ice beast (D:6)
  Blork the orc (D:4)
  A kobold brigand (D:7)
  A killer bee (D:7)
  A jelly (D:8)
  2 kobolds (D:7)
11 creatures vanquished.

Vanquished Creatures (others)
  An orc wizard (D:7)
  An orc (D:7)
2 creatures vanquished.

Grand Total: 167 creatures vanquished

Notes
Turn   | Place    | Note
-------+----------+-------------------------------------------
     0 | D:1      | 0gre the Gnoll Ice Elementalist began the quest for the
                  | Orb.
     0 | D:1      | Reached XP level 1. HP: 13/13 MP: 6/6
   214 | D:1      | Reached XP level 2. HP: 16/20 MP: 4/7
   320 | D:1      | Found a faded altar of an unknown god.
   646 | D:1      | Reached skill level 5 in Spellcasting
   646 | D:1      | Reached XP level 3. HP: 25/25 MP: 7/9
   762 | D:1      | Learned a level 3 spell: Frozen Ramparts
   873 | D:2      | Reached skill level 1 in Invocations
  1001 | D:2      | Reached skill level 1 in Fighting
  1001 | D:2      | Reached skill level 1 in Short Blades
  1001 | D:2      | Reached skill level 1 in Long Blades
  1001 | D:2      | Reached skill level 1 in Axes
  1001 | D:2      | Reached skill level 1 in Maces & Flails
  1001 | D:2      | Reached skill level 1 in Polearms
  1001 | D:2      | Reached skill level 1 in Staves
  1001 | D:2      | Reached skill level 1 in Ranged Weapons
  1001 | D:2      | Reached skill level 1 in Throwing
  1001 | D:2      | Reached skill level 1 in Armour
  1001 | D:2      | Reached skill level 1 in Shields
  1001 | D:2      | Reached skill level 1 in Unarmed Combat
  1001 | D:2      | Reached skill level 1 in Evocations
  1004 | D:2      | Reached skill level 1 in Shapeshifting
  1004 | D:2      | Reached XP level 4. HP: 32/32 MP: 7/11
  1178 | D:2      | Reached skill level 1 in Conjurations
  1178 | D:2      | Reached skill level 1 in Hexes
  1178 | D:2      | Reached skill level 1 in Summonings
  1178 | D:2      | Reached skill level 1 in Necromancy
  1178 | D:2      | Reached skill level 1 in Translocations
  1178 | D:2      | Reached skill level 1 in Fire Magic
  1178 | D:2      | Reached skill level 1 in Air Magic
  1178 | D:2      | Reached skill level 1 in Earth Magic
  1178 | D:2      | Reached skill level 1 in Alchemy
  1482 | D:3      | Reached XP level 5. HP: 16/37 MP: 8/12
  1707 | D:3      | Noticed Terence
  1721 | D:3      | HP: 1/37 [Terence/+0 mace (4)]
  1724 | D:3      | Killed Terence
  2245 | D:3      | Learned a level 3 spell: Summon Ice Beast
  2319 | D:4      | Reached XP level 6. HP: 25/44 MP: 9/13
  2564 | D:4      | Reached skill level 5 in Dodging
  2827 | D:4      | Noticed Blork the orc
  2840 | D:4      | Killed Blork the orc
  3026 | D:5      | Entered Level 5 of the Dungeon
  3169 | D:5      | Found an ancient bone altar of Kikubaaqudgha.
  3225 | D:5      | Reached XP level 7. HP: 50/50 MP: 11/15
  3371 | D:5      | Noticed Edmund
  3379 | D:5      | Killed Edmund
  3609 | D:5      | Reached skill level 5 in Stealth
  4438 | D:6      | Reached XP level 8. HP: 41/58 MP: 16/16
  4692 | D:6      | Found a broken altar of Ashenzari.
  4702 | D:6      | You fall into a shaft and drop 2 floors!
  4757 | D:8      | Noticed a hornet
  4849 | D:7      | Noticed a wyvern
  4856 | D:7      | Killed a wyvern
  6794 | D:7      | Reached XP level 9. HP: 23/65 MP: 18/18
  7224 | D:6      | Found a white marble altar of Elyvilon.
  7225 | D:6      | Found a glowing silver altar of Zin.
  7385 | D:7      | Reached skill level 8 in Ice Magic
  7600 | D:7      | Found a staircase to the Ecumenical Temple.
  7606 | Temple   | Entered the Ecumenical Temple
  7625 | Temple   | Became a worshipper of Vehumet
  8470 | D:8      | Killed a hornet
  8471 | D:8      | Reached skill level 5 in Invocations
  8489 | D:8      | Found an ornate altar of the Wu Jian Council.
  9477 | D:8      | Learned a level 3 spell: Stone Arrow
  9517 | D:9      | Noticed a two-headed ogre
  9525 | D:9      | Killed a two-headed ogre
  9526 | D:9      | Reached skill level 5 in Fighting
  9526 | D:9      | Reached skill level 5 in Short Blades
  9526 | D:9      | Reached skill level 5 in Long Blades
  9526 | D:9      | Reached skill level 5 in Axes
  9526 | D:9      | Reached skill level 5 in Maces & Flails
  9526 | D:9      | Reached skill level 5 in Polearms
  9526 | D:9      | Reached skill level 5 in Staves
  9526 | D:9      | Reached skill level 5 in Ranged Weapons
  9526 | D:9      | Reached skill level 5 in Throwing
  9526 | D:9      | Reached skill level 5 in Armour
  9526 | D:9      | Reached skill level 5 in Shields
  9526 | D:9      | Reached skill level 5 in Unarmed Combat
  9526 | D:9      | Reached skill level 5 in Evocations
  9526 | D:9      | Reached XP level 10. HP: 47/74 MP: 21/21
  9625 | D:9      | Noticed a seven-headed hydra
  9634 | D:9      | HP: 3/74 [seven-headed hydra (10)]
  9637 | D:9      | Killed a seven-headed hydra
  9864 | D:9      | Found a shadowy altar of Dithmenos.
  9873 | D:9      | Reached skill level 5 in Shapeshifting
  9960 | D:9      | Noticed a two-headed ogre
  9971 | D:9      | Killed a two-headed ogre
  9979 | D:9      | HP: 1/76 [poisoned by a gnoll sergeant]
  9980 | D:9      | Succumbed to a gnoll sergeant's poison

Illustrated notes

Levels and vault maps discovered:
D:1:      dpeg_arrival_snail, layout_loops_ring, basic_ecumenical_altar,
          minmay_gold_behind_fungi
D:2:      layout_rooms, st_stairs_10
D:3:      layout_rooms, uniq_terence
D:4:      layout_cave_pools, uniq_blork_the_orc
D:5:      dreamdust_elfheim, layout_loops_corners, lemuel_crystal_altar,
          uniq_edmund
D:6:      layout_basic, nicolae_overflow_hidden_temple,
          mainiacjoe_overflow_six_doors_small
D:7:      layout_gridville, minmay_temple_entry_butterflies, fountainhead,
          kennysheep_boxes
D:8:      layout_loops_corners, kennysheep_mini_moat, enter_bailey_8
D:9:      layout_loops_ring, regret_index_temple_of_mockery,
          grunt_dithmenos_shadows, david_lair_generic,
          kennysheep_generic_room_9, uniq_maggie
Temple:   nicolae_temple_bog_church

Skill      XL: |  1  2  3  4  5  6  7  8  9 10 |
---------------+-------------------------------+-----
Spellcasting   | 5 6 7 |  7.6
Invocations    | 1 2 3 4 5 6 |  6.2
Fighting       | 1 2 3 5 |  5.6
Short Blades   | 1 2 3 5 |  5.6
Long Blades    | 1 2 3 5 |  5.6
Axes           | 1 2 3 5 |  5.6
Maces & Flails | 1 2 3 5 |  5.6
Polearms       | 1 2 3 5 |  5.6
Staves         | 1 2 3 5 |  5.6
Ranged Weapons | 1 2 3 5 |  5.6
Throwing       | 1 2 3 5 |  5.6
Armour         | 1 2 3 5 |  5.6
Shields        | 1 2 3 5 |  5.6
Unarmed Combat | 1 2 3 5 |  5.6
Evocations     | 1 2 3 5 |  5.6
Shapeshifting  | 1 2 3 4 5 |  5.1
Conjurations   | 1 2 3 4 |  4.6
Hexes          | 1 2 3 4 |  4.6
Summonings     | 1 2 3 4 |  4.6
Necromancy     | 1 2 3 4 |  4.6
Translocations | 1 2 3 4 |  4.6
Fire Magic     | 1 2 3 4 |  4.6
Air Magic      | 1 2 3 4 |  4.6
Earth Magic    | 1 2 3 4 |  4.6
Alchemy        | 1 2 3 4 |  4.6
Dodging        | 5 6 7 |  7.3
Stealth        | 5 6 7 |  7.1
Ice Magic      | 8 |  8.6

Action                     |  1- 3 |  4- 6 |  7- 9 | 10-12 || total
---------------------------+-------+-------+-------+-------++-------
  Melee: Dagger            |    21 |       |       |       ||    21
         Bite              |    10 |    16 |     8 |     3 ||    37
         Short sword       |    26 |       |       |       ||    26
         Flail             |       |    25 |       |       ||    25
         Falchion          |       |    45 |     5 |       ||    50
         Dire flail        |       |       |   109 |    13 ||   122
         Trident           |       |       |     1 |       ||     1
   Fire: Sling             |    14 |    84 |    83 |     7 ||   188
  Throw: Javelin           |       |       |     6 |       ||     6
         Boomerang         |       |       |     4 |     6 ||    10
         Dart              |       |       |     8 |       ||     8
   Cast: Freeze            |    16 |     2 |       |       ||    18
         Frozen Ramparts   |     3 |    18 |    35 |     4 ||    60
         Summon Ice Beast  |       |     1 |    11 |     2 ||    14
  Evoke: Wand              |       |       |     1 |       ||     1
    Use: Potion            |       |     2 |     1 |     1 ||     4
         Scroll            |       |       |    11 |     1 ||    12
   Stab: Sleeping          |     3 |       |     2 |       ||     5
 Armour: Robe              |    17 |    38 |    87 |    24 ||   166
         Skin              |       |     1 |       |       ||     1
  Dodge: Dodged            |    35 |    50 |   109 |    21 ||   215
